AoeStats
← Unchained96

Lombardia

509656306Analyzed
2v2 RM · 6d ago on Sep 27, 2026· 55m 45s· 4 players
Game mode
Random Map
Map size
Medium (4 player)
Population
200
Speed
Normal
Resources
Standard
Victory
Conquest
Starting age
Dark Age
Ending age
Imperial Age
RankedLock teamsTeams togetherTeam positionsShared explorationLock speedFull tech treeHidden civsTurbo modeCheats
Victory
Defeat
🇦🇺 Varangians · Australia
1058
+14
🇵🇪 Chinese · Peru
987
+17
🇺🇸 Mongols · United States
1027
-16
🇺🇸 Hindustanis · United States
1006
-15
Unit001
9:11 Feudal Age
9:50 Double-Bit Axe
12:50 Horse Collar
13:30 Bloodlines
15:07 Forging
14:57 Loom
23:01 Castle Age
21:22 Gold Mining
23:13 Stone Mining
24:52 Wheelbarrow
24:32 Bow Saw
25:38 Husbandry
27:35 Stone Shaft Mining
27:18 Fletching
27:29 Padded Archer Armor
31:17 Gold Shaft Mining
33:04 Bodkin Arrow
34:39 Light Cavalry
35:36 Leather Archer Armor
35:27 Scale Barding Armor
39:49 Imperial Age
38:12 Chain Barding Armor
40:33 Elite Mangudai
41:35 Conscription
44:40 Bracer
48:19 Hoardings
54:11 Hussar
Devoured
10:20 Feudal Age
13:18 Loom
13:42 Double-Bit Axe
17:11 Castle Age
16:44 Bloodlines
16:51 Horse Collar
22:36 Bow Saw
23:01 Town Watch
24:52 Fletching
25:36 Husbandry
27:02 Wheelbarrow
27:02 Heavy Plow
27:18 Gold Mining
27:18 Stone Mining
27:54 Elite Skirmisher
28:49 Padded Archer Armor
31:18 Scale Barding Armor
32:35 Chain Barding Armor
33:17 Forging
38:03 Imperial Age
36:51 Hand Cart
36:47 Stone Mining
38:37 Iron Casting
37:57 Bodkin Arrow
38:17 Leather Archer Armor
39:48 Chemistry
39:15 Heavy Camel Rider
41:07 Plate Barding Armor
43:37 Ring Archer Armor
46:51 Shatagni
49:10 Conscription
55:50 Two-Man Saw
Unchained96
6:30 Loom
9:55 Feudal Age
11:43 Horse Collar
11:49 Double-Bit Axe
16:36 Castle Age
19:12 Bow Saw
19:20 Scale Barding Armor
19:25 Forging
23:52 Wheelbarrow
25:18 Iron Casting
25:56 Bloodlines
27:02 Husbandry
29:17 Hand Cart
29:51 Chain Barding Armor
38:03 Imperial Age
36:00 Gold Mining
36:56 Herbal Medicine
38:20 Elite Jarl
39:21 Conscription
39:38 Plate Barding Armor
41:05 Blast Furnace
45:54 Fletching
46:45 Bodkin Arrow
48:13 Bracer
LaTO
3:13 Loom
10:56 Feudal Age
11:36 Double-Bit Axe
22:18 Castle Age
22:39 Gold Mining
24:32 Bow Saw
25:12 Forging
26:46 Arson
27:43 Gold Shaft Mining
27:05 Fletching
31:32 Imperial Age
31:51 Stone Mining
32:37 Iron Casting
33:45 Wheelbarrow
33:20 Elite Fire Lancer
34:52 Bodkin Arrow
35:53 Capped Ram
39:55 Siege Ram
40:46 Caravan
42:34 Heavy Scorpion
44:28 Two-Man Saw
44:01 Conscription
45:40 Blast Furnace
47:47 Rocketry
53:31 Chemistry
52:51 Ballistics
55:57 Fortified Wall
Connection lost

Rejoining the realm…

Still unreachable

The connection could not be restored.

Session expired

The server has moved on; the page needs a fresh start.